 Dungeon Crawl Stone Soup version 0.20.1-4-g4af34eaf8e (webtiles) character file.

288 Alfie the Shooter (level 6, -1/57 HPs)
             Began as a Minotaur Hunter on Feb 24, 2020.
             Slain by a river rat (3 damage)
             ... on level 4 of the Dungeon.
             The game lasted 00:09:47 (3252 turns).

Alfie the Shooter (Minotaur Hunter)                 Turns: 3252, Time: 00:09:47

Health: -1/57      AC:  5    Str: 19    XL:     6   Next: 9%
Magic:  5/5        EV: 12    Int:  8    God:
Gold:   215        SH:  0    Dex: 10    Spells: 4/5 levels left

rFire    . . .     SeeInvis .   b - +0 short sword
rCold    . . .     Gourm    .   (no shield)
rNeg     . . .     Faith    .   c - +2 leather armour
rPois    +         Spirit   .   (helmet restricted)
rElec    .         Reflect  .   (no cloak)
rCorr    .         Harm     .   (no gloves)
MR       .....                  (no boots)
Stlth    +.........             (no amulet)
Regen    0.2/turn               p - ring of poison resistance
MPRegen  0.1/turn               (no ring)

@: no status effects
A: retaliatory headbutt, horns 2, robust 1, sturdy frame 1
a: no special abilities


You were on level 4 of the Dungeon.
You were not hungry.

You visited 1 branch of the dungeon, and saw 4 of its levels.

You collected 215 gold pieces.

Inventory:

Hand Weapons
 a - a +1 shortbow
 b - a +0 short sword (weapon)
Missiles
 d - 28 arrows
Armour
 c - a +2 leather armour (worn)
 e - a +0 pair of gloves
 r - a +3 ring mail
Jewellery
 h - an uncursed ring of wizardry
 p - a ring of poison resistance (left hand)
Wands
 n - a wand of confusion (24/48)
Scrolls
 j - a scroll of remove curse
 u - a scroll of teleportation
Potions
 i - a potion of flight
 q - a potion of might {unknown}
 s - a potion of degeneration {unknown}
 t - 2 potions of berserk rage {unknown}
Books
 m - a book of Minor Magic

   Spells                             Type                      Level
   a - Magic Dart                     Conjuration                  1
   b - Blink                          Translocation                2
   c - Call Imp                       Summoning                    2
   d - Slow                           Hexes                        2
   e - Conjure Flame                  Conjuration/Fire             3
   f - Mephitic Cloud                 Conjuration/Poison/Air       3
Comestibles
 f - 3 bread rations
 g - 4 meat rations
 o - 3 fruits


   Skills:
 + Level 3.7 Fighting
 + Level 1.2 Short Blades
 + Level 6.6 Bows
 + Level 2.3 Armour
 + Level 2.9 Dodging
 + Level 1.1 Stealth


You had 4 spell levels left.
You knew the following spells:

 Your Spells              Type           Power        Failure   Level  Hunger
a - Magic Dart            Conj           #...         41%         1    ##.....


Dungeon Overview and Level Annotations

Branches:
Dungeon (4/15)
 Temple: D:4-7

Altars:
Nemelex Xobeh
Ru
Sif Muna
Yredelemnul

Shops:
D:4 %


Innate Abilities, Weirdness & Mutations

You reflexively headbutt those who attack you in melee.
You have a pair of horns on your head.
You are robust. (+10% HP)
Your movements are slightly less encumbered by armour. (ER -2)


Message History

There is a collapsed entrance here.
You hit the rat.
You kill the rat!
The river rat bites you!
* * * LOW HITPOINT WARNING * * *
You closely miss the river rat. The river rat closely misses you.
You hit the river rat but do no damage. Your headbutt misses the river rat.
The river rat barely misses you.
You hit the river rat.
The river rat is lightly wounded.
The river rat bites you.
* * * LOW HITPOINT WARNING * * *
It was a potion of cancellation.
You feel magically purged. The river rat closely misses you.
You furiously retaliate!
You headbutt the river rat.
It was a potion of mutation.
You feel extremely strange.
You feel robust.
You feel less encumbered by your armour.
The river rat bites you.
You die...

#.# ##...##
#.#####..#..####
#....††........#
#######......≈≈#
#.....≈.≈#
#...≈≈≈≈≈#
#..≈≈##''#
#...≈#r†≈#
#.≈≈≈#≈@≈#
#..≈≈#≈≈≈#
##########


You could see a river rat.

Vanquished Creatures
  A scorpion (D:4)
  A bullfrog zombie (D:4)
  2 orc wizards
  A hound skeleton (D:4)
  4 adders
  A river rat (D:4)
  3 worms
  2 dart slugs
  A leopard gecko (D:3)
  7 orcs
  6 bats
  5 giant cockroaches
  4 goblins (D:1)
  6 hobgoblins
  7 jackals
  5 kobolds
  4 quokkas
  2 ball pythons (D:4)
  5 frilled lizards
  12 rats
79 creatures vanquished.

Notes
Turn   | Place    | Note
-------+----------+-------------------------------------------
     0 | D:1      | Alfie the Minotaur Hunter began the quest for the Orb.
     0 | D:1      | Reached XP level 1. HP: 18/18 MP: 0/0
    89 | D:1      | Reached XP level 2. HP: 18/25 MP: 1/1
   326 | D:1      | Reached skill level 5 in Bows
   802 | D:2      | Reached XP level 3. HP: 30/30 MP: 2/2
   903 | D:2      | Reached skill level 1 in Armour
  1271 | D:2      | Found a deep blue altar of Sif Muna.
  1477 | D:3      | Found a basalt altar of Yredelemnul.
  1498 | D:3      | Reached XP level 4. HP: 37/37 MP: 3/3
  1608 | D:3      | Reached skill level 1 in Stealth
  1857 | D:3      | Found a sacrificial altar of Ru.
  2310 | D:4      | Reached skill level 6 in Bows
  2310 | D:4      | Reached XP level 5. HP: 7/45 MP: 4/4
  2537 | D:4      | Reached skill level 1 in Short Blades
  2601 | D:4      | Found a sparkling altar of Nemelex Xobeh.
  2781 | D:4      | Found Weis's Food Shoppe.
  2933 | D:4      | Learned a level 1 spell: Magic Dart
  3178 | D:4      | Reached XP level 6. HP: 52/52 MP: 5/5
  3250 | D:4      | HP: 2/52 [river rat (6)]
  3252 | D:4      | Gained mutation: You are robust. (+10% HP) [potion of mutation]
  3252 | D:4      | Gained mutation: Your movements are slightly less encumbered by armour. (ER -2) [potion of mutation]
  3252 | D:4      | Slain by a river rat

Skill      XL: |  1  2  3  4  5 |
---------------+----------------+-----
Bows           | 5 6 |  6.6
Armour         | 1 2 |  2.3
Stealth        | 1 |  1.1
Fighting       | 3 |  3.7
Short Blades   | 1 |  1.2
Dodging        | |  2.9

Action                   |  1- 3 |  4- 6 || total
-------------------------+-------+-------++-------
Melee: Short sword       |    29 |    61 ||    90
       Headbutt          |     5 |    11 ||    16
 Fire: Shortbow          |    73 |    66 ||   139
  Use: Scroll            |     4 |     4 ||     8
       Potion            |       |     4 ||     4
  Eat: Bread ration      |     1 |       ||     1
       Fruit             |     1 |       ||     1
       Royal jelly       |       |     1 ||     1
Armor: Leather armour    |    16 |    22 ||    38
Dodge: Dodged            |    28 |    48 ||    76
